 Dungeon Crawl Stone Soup version 0.15.0-22-g71df38d (webtiles) character file.

2524 sprout the Cleaver (level 9, 0/74 HPs)
             Began as a Hill Orc Fighter on Sept 7, 2014.
             Was an Initiate of Okawaru.
             Slain by an orc warrior
             ... wielding a +0 battleaxe
              (19 damage)
             ... on Level 6 of the Dungeon.
             The game lasted 00:21:21 (5732 turns).

sprout the Cleaver (Hill Orc Fighter)               Turns: 5732, Time: 00:21:21

HP   0/74        AC 16     Str 21      XL: 9   Next: 54%
MP   9/9         EV  4     Int  8      God: Okawaru [......]
Gold 212         SH 11     Dex 11      Spells:  0 memorised,  8 levels left

rFire  . . .     SeeInvis .     a - +0 war axe
rCold  . . .     Clarity  .     t - +2 plate armour
rNeg   . . .     rCorr    .     c - +0 shield
rPois  .         rRot     .     q - +1 helmet
rElec  .         Spirit   .     (no cloak)
SustAb .         Warding  .     (no gloves)
rMut   .         Stasis   .     (no boots)
Gourm  .                        (no amulet)
MR     .....                    (no ring)
                                (no ring)

@: slowed, very slow, not resistant to hostile enchantments, extremely
unstealthy
A: no striking features
a: Renounce Religion


You were on level 6 of the Dungeon.
You worshipped Okawaru.
Okawaru was noncommittal.
You were not hungry.

You visited 2 branches of the dungeon, and saw 7 of its levels.
You also visited: Sewer.

You collected 212 gold pieces.

Inventory:

Hand weapons
 a - a +0 war axe (weapon)
 b - a +0 whip
Armour
 c - a +0 shield (worn)
 f - a +1 helmet
 q - a +1 helmet (worn)
 t - a +2 plate armour (worn)
 B - a +0 pair of boots
Magical devices
 e - a wand of polymorph (23)
 g - a wand of paralysis (11) {unknown}
 v - a wand of disintegration (20) {unknown}
Comestibles
 d - 2 meat rations
 h - 3 bread rations
 n - 2 fruits
 o - a royal jelly
Scrolls
 k - 2 scrolls of teleportation
 y - a scroll of recharging
Jewellery
 p - a cursed ring of loudness {unknown}
 r - an uncursed ring of positive energy {unknown}
Potions
 i - a potion of restore abilities
 j - 2 potions of heal wounds
 l - 9 potions of curing
 m - 3 potions of poison {unknown}
 s - a potion of confusion {unknown}
 u - 3 potions of agility {unknown}
 w - 3 potions of flight {unknown}
 x - 2 potions of brilliance {unknown}


   Skills:
 + Level 5.0 Fighting
 * Level 12.1 Axes
 + Level 4.6 Armour
 - Level 2.1 Stealth
 * Level 8.2 Shields


You had 8 spell levels left.
You didn't know any spells.

Dungeon Overview and Level Annotations

Branches:
Dungeon (6/15)             Temple (1/1) D:6

Altars:
Ashenzari
Cheibriados
Elyvilon
Fedhas
Makhleb
Nemelex Xobeh
Okawaru
Sif Muna
Trog
Xom
Yredelemnul
Zin


Message History

You hit the orc.
You kill the orc!
Okawaru accepts your kill. You block the orc warrior's attack.
You hit the orc warrior but do no damage.
The orc warrior hits you but does no damage.
You closely miss the orc warrior. The orc warrior barely misses you.
You hit the orc warrior but do no damage.
The orc warrior hits you with a battleaxe.
* * * LOW HITPOINT WARNING * * *
You hit the orc warrior.
The orc warrior is lightly wounded.
The orc warrior hits you but does no damage.
You closely miss the orc warrior.
The orc warrior is lightly wounded.
The orc warrior hits you but does no damage.
You closely miss the orc warrior.
The orc warrior is lightly wounded.
The orc warrior hits you with a battleaxe!!
You die...

......###.# *,* *,*
#####...#.## *,* ***,**
###...#..####+#####,,,,*
#.....'...........+,,,,*
#.#...##..#.....#**,,,,*
#.....###.#.....# *,,,,*
#.....# #.......# *,,,,*
#....## ##.##.>.# *,,,,*
#....# #....@)# ******
###....# #...o.##
..#....# #.....#
********* ..#....#
#...$.# *,,,,,,,,
..#....# ##..)##
*,******* ..#.#### ##..#
*,* ..#.# #..# *,* ..#.#
****#..# *,* ###.#
*,,,...#* *,*


You could see an orc warrior.

Vanquished Creatures
  Pikel (D:6)
  Grinder (D:4)
  A water moccasin (D:6)
  A necrophage (D:6)
  A sky beast (D:6)
  A phantom (D:5)
  A slave (D:6)
  3 ice beasts
  3 big kobolds (Sewer)
  2 ogres
  Blork the orc (D:5)
  3 scorpions
  2 hounds
  An orc wizard (D:6)
  A giant frog skeleton (D:5)
  A centaur skeleton (D:4)
  3 worker ants (D:4)
  A quasit (D:5)
  Natasha (D:5)
  An iguana (D:6)
  Jessica (D:2)
  A scorpion zombie (D:5)
  11 adders
  A goliath beetle zombie (D:6)
  A shadow imp (D:6)
  An adder skeleton (D:4)
  6 giant geckos
  4 oozes
  14 orcs
  2 ball pythons (D:2)
  12 bats
  A bat skeleton (D:5)
  A bat zombie (D:5)
  4 giant cockroaches
  10 hobgoblins
  22 kobolds
  4 quokkas
  2 giant newts
  8 goblins
  12 jackals (D:2)
  11 rats
  A rat zombie (D:4)
  A butterfly (D:6)
161 creatures vanquished.

Notes
Turn   | Place    | Note
--------------------------------------------------------------
     0 | D:1      | sprout, the Hill Orc Fighter, began the quest for the Orb.
     0 | D:1      | Reached XP level 1. HP: 19/19 MP: 1/1
   305 | D:1      | Reached XP level 2. HP: 26/26 MP: 2/2
   388 | D:1      | Reached skill level 4 in Axes
   602 | D:2      | Noticed Jessica
   608 | D:2      | Killed Jessica
   608 | D:2      | Reached XP level 3. HP: 31/31 MP: 3/3
   743 | D:2      | Reached skill level 5 in Axes
   744 | D:2      | Reached XP level 4. HP: 26/39 MP: 4/4
  1611 | D:2      | Found a glowing silver altar of Zin.
  2139 | D:3      | Reached XP level 5. HP: 38/45 MP: 5/5
  2162 | D:3      | Reached skill level 6 in Axes
  2549 | D:4      | Noticed an ice beast
  2550 | D:4      | Noticed an ogre
  2565 | D:4      | Killed an ice beast
  2565 | D:4      | Reached skill level 1 in Stealth
  2565 | D:4      | Reached XP level 6. HP: 22/51 MP: 6/6
  2587 | D:4      | Noticed Grinder
  2589 | D:4      | Paralysed by Grinder for 4 turns
  2876 | D:4      | Reached skill level 7 in Axes
  2935 | D:4      | Paralysed by Grinder for 3 turns
  2946 | D:4      | Killed Grinder
  2946 | D:4      | Reached skill level 8 in Axes
  2946 | D:4      | Reached skill level 5 in Shields
  2946 | D:4      | Reached XP level 7. HP: 23/57 MP: 7/7
  3215 | D:4      | Killed an ogre
  3530 | D:4      | Reached skill level 9 in Axes
  3798 | D:5      | Entered Level 5 of the Dungeon
  3812 | D:5      | Reached XP level 8. HP: 64/64 MP: 8/8
  3884 | D:5      | Found a glowing drain.
  3888 | Sewer    | Entered a sewer
  4053 | Sewer    | Reached skill level 10 in Axes
  4504 | D:5      | Noticed Blork the orc
  4516 | D:5      | Killed Blork the orc
  4528 | D:5      | Reached skill level 11 in Axes
  4693 | D:5      | Noticed Natasha
  4700 | D:5      | Killed Natasha
  4769 | D:5      | Reached XP level 9. HP: 65/71 MP: 9/9
  5276 | D:6      | Noticed Pikel
  5302 | D:6      | Killed Pikel
  5302 | D:6      | Reached skill level 12 in Axes
  5361 | D:6      | Reached skill level 5 in Fighting
  5508 | D:6      | Found a staircase to the Ecumenical Temple.
  5524 | Temple   | Entered the Ecumenical Temple
  5688 | Temple   | Became a worshipper of Warmaster Okawaru
  5732 | D:6      | Slain by an orc warrior

Action                   |  1- 3 |  4- 6 |  7- 9 || total
-------------------------+-------+-------+-------++-------
Melee: War axe           |    59 |   220 |   349 ||   628
       Unarmed           |    12 |       |       ||    12
       Whip              |       |       |    14 ||    14
  Use: Potion            |     1 |     1 |     2 ||     4
       Scroll            |       |    12 |     4 ||    16
  Eat: Chunk             |       |     2 |       ||     2
       Meat ration       |       |     1 |     1 ||     2
       Bread ration      |       |       |     1 ||     1
